[Event "Live Chess"]
[Site "Chess.com"]
[Date "2023.05.21"]
[Round "-"]
[White "SimpleHarmonic1"]
[Black "howitzer14"]
[Result "0-1"]
[WhiteElo "2045"]
[BlackElo "2890"]
[TimeControl "300"]
[EndTime "7:34:13 PDT"]
[Termination "howitzer14 won on time"]

1. d4 d6 2. c4 Nf6 3. Nc3 g6 4. e4 Bg7 5. Nge2 c5 6. d5 e6 7. Ng3 O-O 8. Be2 Re8 9. O-O Na6 10. h3 Nc7 11. Bg5 h6 12. Be3 exd5 13. exd5 Rxe3 14. fxe3 Qe7 15. e4 Bd7 16. a4 Re8 17. Bd3 Na6 18. Rc1 Nb4 19. Bb1 Bc8 20. Kh1 Nd7 21. Nge2 Ne5 22.
b3 h5 23. Nf4 Bh6 24. Nce2 Bd7 25. Rc3 Qh4 26. Qe1 Qxe1 27. Rxe1 Kg7 28. Rg3 h4 29. Rc3 b6 30. Rf1 a6 31. Nc1 b5 32. axb5 axb5 33.
Na2 Nxa2 34. Bxa2 b4 35. Rc2 Ra8 36. Ne2 Ra3 37. Ng1 g5 38. Nf3 Ng6 39. Rcf2 Be8 40. Ne1 Ne5 41. Nf3 Nd3 42. Rd2 Nf4 43. Rdf2 Nh5 44.
Nh2 Ng3+ 45. Kg1 Nxf1 46. Kxf1 Bd7 47. Ng4 Bxg4 48. hxg4 Kg6 49. Bb1 Ra1 0-1

[Event "Live Chess"]
[Site "Chess.com"]
[Date "2023.05.21"]
[Round "-"]
[White "KeithArkell"]
[Black "Hacker_2009"]
[Result "0-1"]
[WhiteElo "2462"]
[BlackElo "1953"]
[TimeControl "300"]
[EndTime "7:34:20 PDT"]
[Termination "Hacker_2009 won by resignation"]

1. d4 Nf6 2. Nf3 e6 3. c4 d5 4. cxd5 Nxd5 5. Nc3 c5 6. Nxd5 Qxd5 7. e3 Nc6 8. Bb5 cxd4 9. Bxc6+ Qxc6 10. Qxd4 Qd7 11.
Qxd7+ Bxd7 12. O-O Bc6 13. Bd2 Be7 14. Bc3 Bxf3 15.
gxf3 O-O 16. Rac1 Rac8 17. f4 Bf6 18. Bxf6 gxf6 19. Kg2 f5 20. Kf3 Rfd8 21. Ke2 Kg7 22. Rfd1 Rxd1 23. Rxc8 Rb1 24. Rc2 Rh1 25. a4 Rxh2 26.
Rc7 Rh1 27. Rxb7 Rb1 28. b4 h5 29. Kf3 Rg1 0-1

[Event "Live Chess"]
[Site "Chess.com"]
[Date "2023.05.21"]
[Round "-"]
[White "seabuck"]
[Black "Conradical12"]
[Result "1-0"]
[WhiteElo "1893"]
[BlackElo "1534"]
[TimeControl "300"]
[EndTime "7:34:26 PDT"]
[Termination "seabuck won by resignation"]

1. d4 d5 2. c4 Nf6 3. Nc3 Bf5 4. Nf3 Nc6 5. a3 a5 6. e3 e6 7. Qa4 Be7 8. Ne5 O-O 9. Nxc6 bxc6 10. Qxc6 Ne4 11.
cxd5 Nxc3 12. Qxc3 Qxd5 13. f3 Bh4+ 14. Kd1 Bg6 15.
e4 Qd7 16. Be3 Rfd8 17. Bd3 c5 18. Qxc5 Rac8 19. Qxa5 e5 20. d5 Rb8 21. b4 Rdc8 22.
Kd2 Ra8 23. Qb5 Qc7 24. Rhc1 1-0

[Event "Live Chess"]
[Site "Chess.com"]
[Date "2023.05.21"]
[Round "-"]
[White "lateforthesky"]
[Black "McSlash1"]
[Result "1-0"]
[WhiteElo "2105"]
[BlackElo "2008"]
[TimeControl "300"]
[EndTime "7:34:45 PDT"]
[Termination "lateforthesky won by resignation"]

1. e4 c5 2. Nf3 d6 3. d4 cxd4 4.
Nxd4 Nf6 5. Nc3 g6 6. g3 Bg7 7. Bg2 O-O 8. O-O Nc6 9. Nb3 Be6 10. h3 Ne5 11. f4 Nc4 12. Nd4 Bd7 13. b3 Na5 14. Bb2 Nc6 15. Nf3 Qc8 16. Kh2 h5 17. Qe2 a6 18. Rad1 b5 19. e5 dxe5 20. fxe5 Nh7 21.
Nd5 Bf5 22. Nb6 Qb8 23. Nxa8 Qxa8 24. Nh4 Be6 25. Qe4 Rc8 26. Nf3 Qb8 27. Rd2 a5 28. Rfd1 Nb4 29. Nd4 Bd5 30. Qe2 Bxg2 31.
Qxg2 Bxe5 32. a3 Na2 33. Nc6 Bxg3+ 34. Kh1 Qf4 35. Nxe7+ Kf8 36. Nxc8 Kg8 37. Rd8+ Nf8 38. Rxf8+ Kh7 1-0

[Event "Live Chess"]
[Site "Chess.com"]
[Date "2023.05.21"]
[Round "-"]
[White "BearFromUkraine"]
[Black "Bob2pen"]
[Result "0-1"]
[WhiteElo "1071"]
[BlackElo "1853"]
[TimeControl "300"]
[EndTime "7:34:47 PDT"]
[Termination "Bob2pen won by resignation"]

1. e4 e6 2. d4 d5 3. exd5 exd5 4. Nf3 Bd6 5. Be2 Ne7 6. O-O Nbc6 7. Nc3 Bg4 8. h3 Bh5 9. Re1 O-O 10. Bg5 f6 11. Bh4 Nf5 12. Bg3 Nxg3 13. fxg3 Bxg3 14. Rf1 Re8 15. Qd3 Bg6 16. Qd1 a6 17. Bd3 Qd6 18.
Bxg6 hxg6 19. Qd3 f5 0-1

[Event "Live Chess"]
[Site "Chess.com"]
[Date "2023.05.21"]
[Round "-"]
[White "raminguy"]
[Black "wot-not"]
[Result "1-0"]
[WhiteElo "1956"]
[BlackElo "1527"]
[TimeControl "300"]
[EndTime "7:34:53 PDT"]
[Termination "raminguy won by resignation"]

1. d4 Nf6 2. Nc3 g6 3. Bf4 c5 4. d5 d6 5. Qd2 e5 6. dxe6 Bxe6 7. O-O-O d5 8. e4 d4 9. Bb5+ Bd7 10. Bxd7+ Nbxd7 11. Nd5 Nxd5 12. exd5 Be7 13. d6 Bf6 14. Re1+ Kf8 15. Bh6+ Bg7 16. Nf3 f6 17. Re7 Bxh6 18. Qxh6+ 1-0

[Event "Live Chess"]
[Site "Chess.com"]
[Date "2023.05.21"]
[Round "-"]
[White "Biranidun"]
[Black "domrobson"]
[Result "1-0"]
[WhiteElo "2519"]
[BlackElo "1747"]
[TimeControl "300"]
[EndTime "7:34:55 PDT"]
[Termination "Biranidun won by resignation"]

1. e4 e5 2. Nf3 Nc6 3. Bc4 Bc5 4. c3 a6 5. O-O Ba7 6. d4 d6 7. dxe5 Bg4 8. exd6 Qxd6 9. Qxd6 cxd6 10. Bf4 Bxf3 11. gxf3 Ne5 12. Be2 Nf6 13. Rd1 O-O-O 14. Nd2 h6 15.
Bg3 Nh5 16. f4 Nxg3 17. hxg3 Nd7 18. Nc4 Bb8 19. Nxd6+ Bxd6 20. Rxd6 Nf6 21. Rxd8+ 1-0

[Event "Live Chess"]
[Site "Chess.com"]
[Date "2023.05.21"]
[Round "-"]
[White "mliszewski"]
[Black "TheSmoulderingMaster"]
[Result "0-1"]
[WhiteElo "1825"]
[BlackElo "1668"]
[TimeControl "300"]
[EndTime "7:34:59 PDT"]
[Termination "TheSmoulderingMaster won by resignation"]

1. d4 Nf6 2. Bg5 Ne4 3. h4 c5 4. d5 Qb6 5. Nc3 Qb4 6. Bd2 Nxd2 7. Qxd2 Na6 8. e3 g6 9. Nf3 Bg7 10. h5 Qxb2 11. Rb1 Qxc3 12. Qxc3 Bxc3+ 13. Kd1 Nb4 14. a3 Nxd5 15. e4 Nf6 16. hxg6 fxg6 17. e5 Ng4 18.
Rh4 Nxf2+ 19. Ke2 Bd4 20. c3 Bxc3 21. Kxf2 b6 22. Bd3 Bb7 23. Bxg6+ Kd8 24. Rxh7 Rxh7 25. Bxh7 Bxf3 26. gxf3 Bxe5 27. Rd1 d6 28. Rg1 Kc7 29.
Ke3 Bd4+ 0-1

[Event "Live Chess"]
[Site "Chess.com"]
[Date "2023.05.21"]
[Round "-"]
[White "stevochess11"]
[Black "Leonid_Starozhilov"]
[Result "0-1"]
[WhiteElo "1666"]
[BlackElo "2637"]
[TimeControl "300"]
[EndTime "7:35:00 PDT"]
[Termination "Leonid_Starozhilov won by checkmate"]

1. d4 Nf6 2. Nf3 g6 3. Nc3 d5 4.
Bf4 a6 5. e3 Bg7 6. Be2 O-O 7. Ne5 Nbd7 8. h4 h5 9. f3 c5 10. Qd2 b5 11. Nd1 Bb7 12. Nf2 Rc8 13. g4 e6 14. O-O-O b4 15. Rdg1 Qa5 16. Kb1 c4 17. gxh5 Nxe5 18. Bxe5 Nxh5 19. f4 c3 20. Qc1 b3 21. a3 cxb2 22. Qxb2 Rxc2 23. Qxb3 Rxe2 24. Ng4 Rc8 25. Bxg7 Kxg7 26. Qxb7 Qc3 27. Ne5 Qc2+ 28. Ka1 Qa2# 0-1

[Event "Live Chess"]
[Site "Chess.com"]
[Date "2023.05.21"]
[Round "-"]
[White "mach247"]
[Black "AttackingSnowLeopard"]
[Result "0-1"]
[WhiteElo "1331"]
[BlackElo "2156"]
[TimeControl "300"]
[EndTime "7:35:18 PDT"]
[Termination "AttackingSnowLeopard won by resignation"]

1. e4 e5 2. Nf3 Nc6 3. Bc4 Bc5 4.
c3 Nf6 5. d3 d6 6. O-O h6 7. h3 O-O 8. a4 a5 9. Re1 Be6 10.
Bxe6 fxe6 11. Be3 Bxe3 12. Rxe3 Qe8 13. d4 exd4 14. cxd4 e5 15. Nc3 exd4 16. Nxd4 Nxd4 17. Qxd4 Qe5 18. Qxe5 dxe5 19. Rd1 c6 20. Red3 Ra6 21.
f3 Rb6 22. R1d2 Rb4 23. Kf2 Rf7 24. Rd8+ Kh7 25. Ra8 Nxe4+ 26. Nxe4 Rxe4 27. Rxa5 Rb4 28. Rxe5 Rxa4 29. Re3 Rb4 30. Rde2 Rf5 31. Kg3 Rfb5 32. Re7 Rxb2 33. R2e3 Rg5+ 34. Kf4 Rb4+ 35. R3e4 Rxe4+ 36. Rxe4 Rxg2 37. Rb4 b5 38. Re4 Rg5 39. Re6 c5 40. Rb6 b4 41. Rb5 Rd5 42. Ke4 Rh5 43. h4 Rxh4+ 44.
Ke3 Rc4 0-1

[Event "Live Chess"]
[Site "Chess.com"]
[Date "2023.05.21"]
[Round "-"]
[White "Conradical12"]
[Black "McSlash1"]
[Result "0-1"]
[WhiteElo "1533"]
[BlackElo "2009"]
[TimeControl "300"]
[EndTime "7:35:44 PDT"]
[Termination "McSlash1 won by resignation"]

1. e4 c5 2. Nf3 d6 3. Bc4 Nf6 4. O-O g6 5. d3 Bg7 6. Be3 O-O 7. Qd2 Ng4 8. h3 Nxe3 9. fxe3 Nc6 10. Ng5 e6 11.
Nf3 Bxb2 12. Nc3 Bxa1 0-1

[Event "Live Chess"]
[Site "Chess.com"]
[Date "2023.05.21"]
[Round "-"]
[White "SupremeTactician"]
[Black "Ian-Morley"]
[Result "1-0"]
[WhiteElo "2195"]
[BlackElo "1090"]
[TimeControl "300"]
[EndTime "7:35:49 PDT"]
[Termination "SupremeTactician won by resignation"]

1. e4 d5 2. exd5 Qxd5 3. Nc3 Qd8 4. d4 Nf6 5. Nf3 Bf5 6. Bc4 e6 7. O-O Nbd7 8. Bg5 c6 9. Bb3 Be7 10. Re1 Nd5 11. Bxe7 Qxe7 12. Bxd5 cxd5 13. Nxd5 Qd8 14. Ne3 O-O 15. Nxf5 exf5 16. Qd3 Re8 17. Qxf5 Rxe1+ 18. Rxe1 Nf6 19. c3 Qd7 20. Qxd7 Nxd7 21. Re7 Kf8 22. Rxd7 Re8 23. Kf1 f6 24. Rxb7 a5 25. c4 Rc8 26.
c5 a4 27. Ke2 Rd8 28. Kd3 g5 29. Kc4 g4 30. Nh4 Re8 31. c6 Re2 32. Kd3 Rxb2 33.
Rxb2 1-0

[Event "Live Chess"]
[Site "Chess.com"]
[Date "2023.05.21"]
[Round "-"]
[White "Long1968"]
[Black "Ferrarifan27"]
[Result "0-1"]
[WhiteElo "956"]
[BlackElo "2046"]
[TimeControl "300"]
[EndTime "7:35:59 PDT"]
[Termination "Ferrarifan27 won on time"]

1. e4 e5 2. f4 exf4 3. Bc4 Qh4+ 4. Kf1 Nf6 5. Nf3 Qh5 6. Qe1 Nc6 7. d4 d6 8. Bxf4 Bg4 9. Nbd2 O-O-O 10. h3 Bxf3 11. Nxf3 Re8 12. e5 dxe5 13. Nxe5 Nxe5 14. Bxe5 Nd7 15.
g4 Qg5 16. Qg3 Nxe5 17. dxe5 Rxe5 18. Qf2 Bc5 0-1

[Event "Live Chess"]
[Site "Chess.com"]
[Date "2023.05.21"]
[Round "-"]
[White "Ra2orLeaf"]
[Black "Crowded_House"]
[Result "0-1"]
[WhiteElo "1142"]
[BlackElo "1610"]
[TimeControl "300"]
[EndTime "7:36:07 PDT"]
[Termination "Crowded_House won by checkmate"]

1. d4 d5 2. Nf3 c6 3. Bf4 e6 4. e3 Bd6 5. Bd3 Bxf4 6. exf4 Nf6 7. O-O O-O 8. Nbd2 Nbd7 9. Ne5 Qc7 10. Ndf3 b6 11.
c3 a5 12. a4 Ba6 13. Bxa6 Rxa6 14. Nxd7 Qxd7 15. Ne5 Qc7 16. Qd3 Raa8 17. Rfe1 Nd7 18. Re3 Nxe5 19. fxe5 f6 20. Rh3 g6 21. Re1 fxe5 22. Rxe5 Rf5 23. Rxe6 Qf7 24. Re2 Rf8 25. f3 Re8 26. b3 Rf6 27. Rg3 Rfe6 28. Rxe6 Qxe6 29.
Kf2 Qe1# 0-1

[Event "Live Chess"]
[Site "Chess.com"]
[Date "2023.05.21"]
[Round "-"]
[White "LiamClery2020"]
[Black "BillW-GrangerIN"]
[Result "1-0"]
[WhiteElo "1997"]
[BlackElo "369"]
[TimeControl "300"]
[EndTime "7:36:41 PDT"]
[Termination "LiamClery2020 won by checkmate"]

1. e4 e6 2. d4 d5 3. Nd2 c5 4. c3 Nc6 5. Ngf3 Nf6 6. e5 Ng4 7. Bd3 cxd4 8. cxd4 Bb4 9. O-O O-O 10. h3 Nh6 11.
Nb3 Qb6 12. Bxh6 Nxd4 13. Nfxd4 Bc5 14. Qg4 Bxd4 15. Qxg7# 1-0

[Event "Live Chess"]
[Site "Chess.com"]
[Date "2023.05.21"]
[Round "-"]
[White "lord_cll"]
[Black "davidlightfoot"]
[Result "1-0"]
[WhiteElo "1209"]
[BlackElo "680"]
[TimeControl "300"]
[EndTime "7:36:43 PDT"]
[Termination "lord_cll won by checkmate"]

1. e4 c5 2. c3 e6 3. e5 Nc6 4. d4 cxd4 5. cxd4 Qa5+ 6. Nc3 Bb4 7. Ne2 Bxc3+ 8. Nxc3 Nge7 9. Be3 O-O 10. Be2 f6 11. exf6 Rxf6 12. O-O Nd5 13. Ne4 Nc7 14. Nxf6+ gxf6 15. a3 b6 16. b4 Qd5 17. Bf3 Qc4 18. Rc1 Qa2 19. b5 Na5 20. Bxa8 Qxa3 21. Bd2 Nb3 22.
Rxc7 Nxd4 23. Qg4+ Kf7 24. Qxd4 Qf8 25. Bc6 e5 26. Qg4 Qc5 27. Be3 Qe7 28. Bxd7 Bxd7 29. Rxd7 Qxd7 30. Qxd7+ Kg6 31. Qxa7 h5 32. Qxb6 e4 33.
Qc7 h4 34. Qf4 f5 35. Qg5+ Kf7 36. Qxh4 f4 37. Bxf4 Ke6 38. Qg5 Kd7 39. b6 Kc6 40. Be3 Kb7 41. Qe7+ Kb8 42. Qc7+ Ka8 43.
Qa7# 1-0

[Event "Live Chess"]
[Site "Chess.com"]
[Date "2023.05.21"]
[Round "-"]
[White "MarkCheck"]
[Black "ClassyChameleon"]
[Result "0-1"]
[WhiteElo "1560"]
[BlackElo "1095"]
[TimeControl "300"]
[EndTime "7:36:47 PDT"]
[Termination "ClassyChameleon won on time"]

1. c4 c5 2. g3 Nc6 3. Bg2 Nf6 4. Nc3 e5 5. d3 d5 6. cxd5 Nd4 7. e3 Nf5 8. Nge2 Bd6 9. O-O O-O 10. b3 Nh6 11. h3 g5 12. Bb2 Bd7 13. Ne4 Nxe4 14. dxe4 f6 15. f4 gxf4 16. exf4 Nf7 17. f5 Bb5 18. a4 Ba6 19. Rf2 c4 20. Kh2 cxb3 21.
Qxb3 Qc7 22. Rc1 Qa5 23. Nc3 Rac8 24. Nb5 Rxc1 25. Bxc1 Bxb5 26. axb5 a6 27. bxa6 bxa6 28. Bd2 Qc5 29. Be3 Qb5 30. Qxb5 axb5 31. Rb2 b4 32.
Bd2 Rb8 33. Bf1 Ng5 34. Bxg5 fxg5 35. g4 Kf7 36. Kg2 b3 37. Bc4 Ba3 38. Rxb3 Rxb3 39. Bxb3 Bb2 40. Kf3 Bd4 41. Ke2 Kf6 42. Kd3 h6 43.
Kc4 h5 44. Ba4 hxg4 45. hxg4 Kf7 46. Bb5 Kf6 47. Bc6 Ke7 48. Kb5 Kd6 49. Ka6 Kc5 50. Kb7 Kc4 51. d6 Kd3 52. d7 Ke3 53. d8=Q Kf4 54.
Qf6 Kxg4 55. Qg6 Kf4 56. Bd7 g4 0-1

[Event "Live Chess"]
[Site "Chess.com"]
[Date "2023.05.21"]
[Round "-"]
[White "grillage"]
[Black "ramses-IIG"]
[Result "1-0"]
[WhiteElo "1785"]
[BlackElo "870"]
[TimeControl "300"]
[EndTime "7:36:47 PDT"]
[Termination "grillage won by checkmate"]

1. d4 d5 2. Nc3 Bf5 3. Bf4 c6 4. e3 e6 5. Nf3 Bd6 6. Bd3 Bxf4 7. exf4 Bg4 8. h3 Bxf3 9. Qxf3 Nf6 10. O-O O-O 11. g4 Nfd7 12. g5 g6 13. h4 f6 14.
Qg4 f5 15. Qe2 Kg7 16. Qxe6 Re8 17. Qd6 Nb6 18. Qxd8 Rxd8 19. Rfe1 N8d7 20. Re7+ Kf8 21. Rxh7 Kg8 22. Re7 Nc8 23. Re6 Kg7 24. Rae1 Rf8 25.
Kg2 Ndb6 26. Na4 Nxa4 27. b3 Nc3 28. f3 Nxa2 29. h5 Nb4 30. Rxg6+ Kh7 31. Rh6+ Kg7 32. Ree6 Nxd3 33. cxd3 Rf7 34. Reg6+ Kf8 35. Rh8+ Ke7 36. Rgg8 Kd7 37. g6 Re7 38. h6 Re2+ 39. Kg3 Re3 40. g7 Rxd3 41. Rd8+ Kc7 42. g8=Q Rxb3 43. Rxc8+ Rxc8 44. Qxc8+ Kb6 45. Qxf5 Rb4 46. Rb8 Rxd4 47.
Qc8 Rc4 48. Rxb7+ Ka5 49. Qc7+ Ka6 50. Rxa7+ Kb5 51. Ra5+ Kb4 52. Qb6+ Kc3 53. Qe3+ Kb4 54. Qa3# 1-0

[Event "Live Chess"]
[Site "Chess.com"]
[Date "2023.05.21"]
[Round "-"]
[White "WelshTiger"]
[Black "ameetghasi100"]
[Result "1/2-1/2"]
[WhiteElo "2339"]
[BlackElo "2578"]
[TimeControl "300"]
[EndTime "7:36:58 PDT"]
[Termination "Game drawn by repetition"]

1. e4 c5 2. Nf3 Nc6 3. Bb5 e6 4.
b3 Nge7 5. O-O a6 6. Bxc6 Nxc6 7. Bb2 d6 8. d4 cxd4 9. Nxd4 Bd7 10. c4 Be7 11.
Nc3 O-O 12. Nxc6 Bxc6 13. Qe2 Qa5 14. Nd5 exd5 15. exd5 Bxd5 16. Qxe7 Bc6 17. Qxd6 Rae8 18. Qg3 f6 19. Qc3 Qg5 20. f3 Re2 21. Rf2 Rfe8 22. Raf1 Qc5 23. Qd4 Qf5 24. h4 R2e7 25. Rd2 Rd7 26.
Qf2 Rde7 27. Rfd1 Qa5 28. Bd4 Qc7 29. Bc5 Rf7 30. Bd6 Qc8 31. Re1 Rd8 32. Bg3 h5 33.
Red1 Re8 34. Qc5 g6 35. Qb6 Qf5 36. Rd8 Rxd8 37. Rxd8+ Kg7 38. Rd2 Re7 39. Kh2 g5 40. Qd4 Rd7 41. Qe3 Rxd2 42. Qxd2 g4 43. fxg4 Qxg4 44.
Qe3 Qf5 45. Qe7+ Kg6 46. Qe2 Qb1 47. Bf4 Be4 48. Be3 Bf5 49. Qf2 Bg4 50. Qf4 Qxa2 51.
Qh6+ Kf5 52. Qf4+ Kg6 53. Qh6+ Kf7 54. Qh7+ Ke6 55. Qxb7 Kf5 56. Qd5+ Kg6 57. Qg8+ Kf5 58. Qh7+ Ke6 59. Qe4+ Kf7 60. b4 Qe2 61. Qd5+ Kg6 62. Bf4 Be6 63. Qd4 Bxc4 64. Qe3 Qd1 65. Qg3+ Kf7 66.
Bd6 Bd5 67. Bc5 Qe2 68. Qc7+ Kg6 69. Qg3+ Kh7 70. Qf2 Qe4 71. Qg3 f5 72. Qc7+ Kg6 73. Qg3+ Kf7 74. Qg5 Qg4 75. Qe7+ Kg6 76. Qd6+ Kh7 77.
Qe7+ Kg6 78. Qe8+ Kh7 79. Qe7+ Kg6 1/2-1/2

[Event "Live Chess"]
[Site "Chess.com"]
[Date "2023.05.21"]
[Round "-"]
[White "SupremeTactician"]
[Black "McSlash1"]
[Result "1-0"]
[WhiteElo "2199"]
[BlackElo "2005"]
[TimeControl "300"]
[EndTime "7:37:18 PDT"]
[Termination "SupremeTactician won by resignation"]

1. e4 c5 2. Nf3 d6 3. d4 cxd4 4.
Nxd4 Nf6 5. f3 g6 6. c4 Bg7 7. Nc3 O-O 8. Be3 Nc6 9. Qd2 Nd7 10.
Nxc6 bxc6 11. Be2 Ne5 12. O-O Be6 13. b3 Qa5 14. Rac1 Nd7 15. Rfd1 Nc5 16. Nd5 Qxd2 17. Nxe7+ Kh8 18. Rxd2 Bd7 19. Bxc5 dxc5 20. Rxd7 1-0

[Event "Live Chess"]
[Site "Chess.com"]
[Date "2023.05.21"]
[Round "-"]
[White "lHolyDiverl"]
[Black "diana21strabt"]
[Result "0-1"]
[WhiteElo "555"]
[BlackElo "1742"]
[TimeControl "300"]
[EndTime "7:37:19 PDT"]
[Termination "diana21strabt won by resignation"]

1. d3 Nf6 2. e4 d5 3. Be3 dxe4 4. dxe4 Qxd1+ 5. Kxd1 Nxe4 6. Nd2 Nxd2 7. Bxd2 Bd7 8. Nf3 Nc6 9. Bc4 e6 10. Kc1 Bc5 11.
Be3 Bxe3+ 12. fxe3 Na5 13. Bd3 O-O-O 14. Ne5 Be8 15.
b3 f6 16. Nc4 Nxc4 17. Bxc4 e5 18. Kb2 Bc6 19. Rhg1 Rd2 20. Rad1 Rhd8 21. Be6+ Kb8 22.
Bh3 Rxd1 0-1

[Event "Live Chess"]
[Site "Chess.com"]
[Date "2023.05.21"]
[Round "-"]
[White "defenderalist"]
[Black "Biranidun"]
[Result "0-1"]
[WhiteElo "1641"]
[BlackElo "2519"]
[TimeControl "300"]
[EndTime "7:37:34 PDT"]
[Termination "Biranidun won by resignation"]

1. e4 c5 2. Nf3 d6 3. d4 cxd4 4. Nxd4 Nf6 5. Nc3 g6 6. Bd3 Bg7 7. O-O O-O 8. Nde2 Nc6 9. f4 Be6 10. Kh1 Rc8 11. a3 Na5 12. f5 Bc4 13. Bxc4 Nxc4 14.
b3 Ne5 15. Bg5 Qc7 16. h3 Qc6 17. Rc1 Nxe4 18. Nxe4 Qxe4 19. fxg6 hxg6 20. Bxe7 Rfe8 21. Bxd6 Rcd8 22. Bxe5 Rxd1 23. Rcxd1 Qxe2 24. Bxg7 Kxg7 25. Rc1 Re5 0-1

[Event "Live Chess"]
[Site "Chess.com"]
[Date "2023.05.21"]
[Round "-"]
[White "Hussamalhaidar"]
[Black "ProfPoisson"]
[Result "0-1"]
[WhiteElo "1145"]
[BlackElo "1225"]
[TimeControl "300"]
[EndTime "7:37:44 PDT"]
[Termination "ProfPoisson won by resignation"]

1. b3 e5 2. Bb2 Nc6 3. e3 d5 4.
Bb5 Bd6 5. d4 Bd7 6. c4 dxc4 7.
Bxc6 Bxc6 8. dxe5 Bb4+ 9. Nd2 c3 10. g4 cxd2+ 11. Kf1 Qd3+ 12. Qe2 Bg2+ 13. Kxg2 Qxe2 14. Nxe2 Rd8 15. Rhd1 Nh6 16. e6 Nxg4 17. Bxg7 Rg8 18.
exf7+ Kxf7 19. Bc3 Nxe3+ 20. Kf3 Nxd1 21. Rxd1 Bxc3 22.
Nxc3 Rd3+ 23. Ke2 Rxc3 24. Rxd2 Rg2 25. Rd7+ Ke6 26. Rxh7 Rc2+ 27. Kf3 Rcxf2+ 28. Ke3 Rxh2 29. Rxc7 Rxa2 30. Rxb7 Ra3 31. Rb8 Rh3+ 32. Kd4 Raxb3 33. Re8+ Kd7 34. Rg8 Rh4+ 35. Ke5 Rb5+ 36. Kf6 Rh6+ 37. Kg7 Rbb6 38. Ra8 Rbg6+ 39. Kf7 Kc6 40. Rxa7 Kb6 41. Ra8 Rc6 42. Rb8+ Ka7 43. Rb1 Rh7+ 44. Kg8 Rb7 45. Ra1+ Kb8 46. Rf1 Rc8+ 47. Rf8 Rxf8+ 48. Kxf8 Ka7 0-1

[Event "Live Chess"]
[Site "Chess.com"]
[Date "2023.05.21"]
[Round "-"]
[White "CheckThis4"]
[Black "ossie57"]
[Result "1-0"]
[WhiteElo "2528"]
[BlackElo "1836"]
[TimeControl "300"]
[EndTime "7:37:46 PDT"]
[Termination "CheckThis4 won by resignation"]

1. d4 Nf6 2. Nc3 g6 3. e4 d6 4.
Be3 Bg7 5. Qd2 h5 6. h3 c6 7. f4 Bh6 8. Nf3 O-O 9. e5 Nh7 10. O-O-O d5 11. g4 hxg4 12. hxg4 Bxg4 13. Rxh6 Bxf3 14.
Be2 Kg7 15. Rxh7+ Kxh7 16. Bxf3 Kg7 17. f5 f6 18. Bh6+ Kf7 19. fxg6+ Kxg6 20. Rg1+ Kf7 21. Bh5+ Ke6 22. Bxf8 Qxf8 23. Qf4 Kd7 24. exf6 1-0

[Event "Live Chess"]
[Site "Chess.com"]
[Date "2023.05.21"]
[Round "-"]
[White "Ian-Morley"]
[Black "Conradical12"]
[Result "0-1"]
[WhiteElo "1089"]
[BlackElo "1534"]
[TimeControl "300"]
[EndTime "7:37:47 PDT"]
[Termination "Conradical12 won by checkmate"]

1. e4 e5 2. Nf3 Nc6 3. Bc4 Nf6 4. Ng5 d5 5. exd5 Na5 6. Bb5+ c6 7. dxc6 bxc6 8.
Bxc6+ Nxc6 9. Qf3 Bd7 10. Ne4 Nxe4 11. Qxe4 Bd6 12. Nc3 O-O 13. Nd5 f5 14. Qe3 Nd4 15. c3 Nc2+ 16. Ke2 Nxe3 17. Nxe3 f4 18. Nd5 Bb5+ 19.
d3 Bc5 20. c4 e4 21. cxb5 exd3+ 22. Kxd3 Qxd5+ 23. Kc3 Qd4+ 24. Kb3 Qb4+ 25. Kc2 Rac8 26. a3 Qe4+ 27. Kb3 Qd3+ 28. Ka2 Bd4 29. Bxf4 Qc4+ 30.
b3 Qc2# 0-1

[Event "Live Chess"]
[Site "Chess.com"]
[Date "2023.05.21"]
[Round "-"]
[White "garyjc"]
[Black "Tushinskiy"]
[Result "1-0"]
[WhiteElo "1065"]
[BlackElo "2186"]
[TimeControl "300"]
[EndTime "7:37:53 PDT"]
[Termination "garyjc won on time"]

1. e4 e5 2. Nf3 d6 3. d4 Bg4 4.
Be2 Nd7 5. h3 Bh5 6. Nc3 Ngf6 7.
dxe5 dxe5 8. Nd5 c6 9. Nxf6+ Qxf6 10. Be3 O-O-O 11. O-O Bc5 12. Qe1 h6 13. a3 g5 14. b4 Bxe3 15. fxe3 1-0

[Event "Live Chess"]
[Site "Chess.com"]
[Date "2023.05.21"]
[Round "-"]
[White "chessfiction"]
[Black "whatnot126"]
[Result "0-1"]
[WhiteElo "2298"]
[BlackElo "2066"]
[TimeControl "300"]
[EndTime "7:38:05 PDT"]
[Termination "whatnot126 won by resignation"]

1. e4 d6 2. d4 Nf6 3. Nc3 g6 4. f4 Bg7 5. h3 O-O 6. Be3 c5 7. dxc5 Qa5 8. Qd2 Rd8 9. O-O-O Nc6 10. Kb1 dxc5 11. Qc1 Be6 12. e5 Ne4 13. Nge2 b5 14. a3 Nxc3+ 15. Nxc3 b4 16. Na2 bxa3 17. Rxd8+ Rxd8 18. bxa3 Nb4 19. Nc3 Rb8 20. Nb5 Na2 21. Qb2 a6 22. a4 axb5 23. Bxb5 Nc3+ 24. Kc1 Nxb5 25. axb5 Rxb5 26. Bd2 Qxd2+ 27. Kxd2 Rxb2 28. Ra1 Bh6 29. g3 Bf5 30. Ra8+ Kg7 31. Rb8 Rxc2+ 32. Ke3 Rc3+ 33. Kf2 Be4 34. g4 Bxf4 0-1

[Event "Live Chess"]
[Site "Chess.com"]
[Date "2023.05.21"]
[Round "-"]
[White "onemoretime1975"]
[Black "LaupMiths"]
[Result "1-0"]
[WhiteElo "1849"]
[BlackElo "1820"]
[TimeControl "300"]
[EndTime "7:38:38 PDT"]
[Termination "onemoretime1975 won by resignation"]

1. e4 c5 2. Nf3 e6 3. g3 Nc6 4. d3 g6 5. Bg2 Bg7 6. c3 Nge7 7. O-O O-O 8. a3 d5 9. exd5 exd5 10. d4 Bg4 11. dxc5 d4 12. h3 Bxf3 13. Bxf3 Nf5 14.
Bxc6 bxc6 15. cxd4 Bxd4 16. Nc3 Nxg3 17. Re1 Qh4 18.
Kg2 Nh5 19. Qf3 Rae8 20. Bh6 Rxe1 21. Rxe1 Rb8 22. Re4 Nf4+ 23. Bxf4 1-0

[Event "Live Chess"]
[Site "Chess.com"]
[Date "2023.05.21"]
[Round "-"]
[White "Singapourfeuj"]
[Black "LL220284LL"]
[Result "1-0"]
[WhiteElo "2194"]
[BlackElo "2232"]
[TimeControl "300"]
[EndTime "7:38:41 PDT"]
[Termination "Singapourfeuj won by resignation"]

1. d4 Nf6 2. Nf3 e6 3. c4 Bb4+ 4. Nbd2 d5 5. a3 Bxd2+ 6. Bxd2 b6 7. cxd5 Nxd5 8. e4 Nf6 9. Bd3 O-O 10. Qe2 Bb7 11. Bg5 h6 12. Bh4 g5 13. Bg3 Nbd7 14. h4 g4 15. Ne5 h5 16. Rc1 c5 17. Qe3 Nh7 18. O-O Nxe5 19. dxe5 Qe7 20. Qh6 Rfd8 21. Bb1 Rd4 22. Qxh5 Rad8 23. Qxg4+ Kh8 24. h5 Rg8 25. Qf4 Ng5 26. f3 Qd8 27. Qf6+ Qxf6 28. exf6 Rd2 29. b4 Nxe4 30. Bxe4 Bxe4 31. fxe4 Rxg3 32.
Rf2 Rxf2 33. Kxf2 Rxa3 34. bxc5 bxc5 35. Rxc5 Kh7 36. Rc7 Kh6 37. Rxf7 Kxh5 38. Rg7 Kh6 39. Rg3 Ra2+ 40. Kf3 Ra1 41. Kf4 Rf1+ 42. Rf3 Rxf3+ 43. gxf3 a5 44. Ke5 a4 45. Kxe6 a3 46. f7 Kg7 47.
Ke7 a2 1-0

[Event "Live Chess"]
[Site "Chess.com"]
[Date "2023.05.21"]
[Round "-"]
[White "PantherCal"]
[Black "MarkLim1"]
[Result "0-1"]
[WhiteElo "1861"]
[BlackElo "1717"]
[TimeControl "300"]
[EndTime "7:38:45 PDT"]
[Termination "MarkLim1 won by resignation"]

1. e4 c6 2. d4 d5 3. e5 c5 4. dxc5 Nc6 5. Nf3 Bg4 6. Bf4 e6 7. Be2 Bxc5 8. a3 a6 9. b4 Ba7 10. Nbd2 Nge7 11. O-O Ng6 12. Bg3 O-O 13. Re1 Rc8 14.
h3 Bxf3 15. Nxf3 Qc7 16. Bf1 Rfd8 17. Rc1 Qb6 18. Bd3 Nd4 19. Nxd4 Qxd4 20. Qf3 Rc3 21. Ra1 Rdc8 22. h4 Nxh4 23. Bxh7+ Kxh7 24. Qh5+ Kg8 25. Bxh4 Rxc2 26. Re3 Rc1+ 27. Rxc1 Rxc1+ 28. Kh2 Qf4+ 29. Rg3 Bxf2 0-1